 Dungeon Sprint DCSS version 0.28-a0-769-g550dbda0cd (webtiles) character file.

Game seed: 4428529378656526444

230 mhtbhm the Protected (level 6, 0/44 HPs)
             Began as a Gargoyle Fighter on Oct 31, 2021.
             Slain by a phantom (7 damage)
             ... in the Dungeon (Sprint IX: "|||||||||||||||||||||||||||||").
             The game lasted 00:00:23 (283 turns).

mhtbhm the Protected (Gargoyle Fighter)              Turns: 283, Time: 00:00:23

Health: 0/44       AC: 12    Str: 22    XL:     6   Next: 3%
Magic:  6/6        EV: 10    Int:  8    God:
Gold:   0          SH:  5    Dex:  9    Spells: 5/5 levels left

rFire   . . .      SeeInvis .   a - +0 flail
rCold   . . .      Faith    .   c - +0 buckler
rNeg    + . .      Spirit   .   b - +0 scale mail
rPois   ∞          Reflect  .   (no helmet)
rElec   +          Harm     .   (no cloak)
rCorr   .          Rampage  .   (no gloves)
Will    .....      NoTele   +   (no boots)
Stlth   ..........              (no amulet)
HPRegen 0.14/turn               (no ring)
MPRegen 0.10/turn               (no ring)

@: no status effects
A: sickness immunity, AC +4, negative energy resistance 1, electricity
resistance, torment resistance 1, petrification resistance
a: no special abilities


You were in the Dungeon.
You visited 1 branch

Inventory:

Hand Weapons
 a - a +0 flail (weapon)
Armour
 b - a +0 scale mail (worn)
 c - a +0 buckler (worn)
Scrolls
 j - a scroll of blinking
Potions
 d - a potion of might
 e - a potion of curing
 g - a potion of haste
 h - 2 potions of magic


   Skills:
 + Level 7.0 Fighting
 + Level 5.7 Maces & Flails
 + Level 8.4 Armour
 + Level 0.5 Dodging
 + Level 6.7 Shields


You had 5 spell levels left.
You didn't know any spells.
Your spell library was empty.

Dungeon Overview and Level Annotations

Branches:
Dungeon (1/1)

Altars:


Innate Abilities, Weirdness & Mutations

You are immune to sickness and miasma.
Your stone body is resilient. (AC +4)
You are immune to poison.
You resist negative energy. (rN+)
You are resistant to electric shocks. (rElec)
You are resistant to unholy torment.
You are immune to petrification.


Message History

The phantom hits you but does no damage.
You closely miss the phantom.
The phantom is lightly damaged.
The phantom hits you.
You hit the phantom.
The phantom is moderately damaged.
You block the phantom's attack.
You sock the phantom!
The phantom is heavily damaged.
The phantom hits you.
You hit the phantom.
The phantom is severely damaged.
The phantom hits you but does no damage.
You hit the phantom but do no damage.
The phantom is severely damaged.
You recover from your berserk rage.
The phantom hits you but does no damage.
You closely miss the phantom.
The phantom is severely damaged.
The phantom closely misses you. The phantom hits you.
You barely miss the phantom.
The phantom is severely damaged.
You block the phantom's attack.
You closely miss the phantom.
The phantom is severely damaged.
The phantom hits you but does no damage.
You miss the phantom.
The phantom is severely damaged.
The phantom hits you but does no damage.
You hit the phantom.
The phantom is almost destroyed.
You block the phantom's attack.
You closely miss the phantom.
The phantom is almost destroyed.
The phantom hits you!
* * * LOW HITPOINT WARNING * * *
You barely miss the phantom.
The phantom is severely damaged.
The phantom hits you!
You die...

▓.▓
▓.▓
▓'▓
▓÷▓
▓.▓
▓.▓
▓.▓
▓.▓
▓@▓
▓W▓
▓≈▓
▓.▓
▓.▓
▓.▓
▓+▓


You could see a phantom.

Vanquished Creatures
  A sky beast (D)
  A black bear (D)
  A jelly (D)
  An orc (D)
  A ball python (D)
  3 hobgoblins (D)
  A rat (D)
9 creatures vanquished.

Notes
Turn   | Place    | Note
-------+----------+-------------------------------------------
     0 | D        | mhtbhm the Gargoyle Fighter began the quest for the Orb.
     0 | D        | Reached XP level 1. HP: 14/14 MP: 1/1
   239 | D        | Noticed a black bear
   239 | D        | Noticed a jelly
   239 | D        | Noticed a sky beast
   239 | D        | Noticed a phantom
   245 | D        | Killed a black bear
   246 | D        | Reached skill level 5 in Fighting
   246 | D        | Reached skill level 6 in Armour
   246 | D        | Reached skill level 5 in Shields
   246 | D        | Reached XP level 2. HP: 22/22 MP: 2/2
   246 | D        | Reached XP level 3. HP: 27/27 MP: 3/3
   246 | D        | Reached XP level 4. HP: 32/32 MP: 4/4
   248 | D        | Reached skill level 7 in Armour
   248 | D        | Reached XP level 5. HP: 36/36 MP: 5/5
   265 | D        | Killed a sky beast
   266 | D        | Reached skill level 5 in Maces & Flails
   266 | D        | Reached skill level 8 in Armour
   266 | D        | Reached XP level 6. HP: 24/44 MP: 6/6
   283 | D        | Slain by a phantom

Illustrated notes

Levels and vault maps discovered:
D:        linesprint [early_d, line_temple, items_1, d_10, items_2, lair_1,
          lair_end, items_3, orc_1, orc_end, items_4, d_15, swamp_1, shoals_1,
          snake_1, spider_1, d_20, vaults_1, items_5, swamp_end, shoals_end,
          snake_end, spider_end, vaults_end, d_27, items_6, zot_1, zot_end,
          crypt_end, forest_end, elf_end, slime_end, tomb_end, abyss_end,
          pan_hell_end]

Skill      XL: |  1  2  3  4  5 |
---------------+----------------+-----
Fighting       | 5 6 7 |  7.0
Maces & Flails | 4 5 |  5.7
Armour         | 6 7 8 |  8.4
Shields        | 5 6 |  6.7
Dodging        | |  0.5

Action                   |  1- 3 |  4- 6 || total
-------------------------+-------+-------++-------
Melee: Flail             |    17 |    37 ||    54
  Use: Potion            |     2 |       ||     2
Armor: Scale mail        |     8 |    19 ||    27
Dodge: Dodged            |     9 |    11 ||    20
Block: Buckler           |     3 |     6 ||     9

Table legend: (Time is in decaauts)
 A = Elapsed time spent in this place.
 B = Non-inter-level travel time spent in this place.
 C = Inter-level travel time spent in this place.
 D = Time resting spent in this place.
 E = Time spent auto-exploring this place.
 F = Levels seen in this place.
 G = Mean time per level.
                   A        B        C        D        E       F      G
               +--------+--------+--------+--------+--------+-----+--------+
         Total |    297 |    297 |      0 |    214 |      3 |   1 |  297.0 |
       Dungeon |    297 |    297 |      0 |    214 |      3 |   1 |  297.0 |
               +--------+--------+--------+--------+--------+-----+--------+

Top non-repeatable levels by time:
       D: 297 daAuts
